 Dungeon Crawl Stone Soup version 0.28.0-53-g5a82cb258f (webtiles) character file.

Game seed: 11980117186097653901

24 Woods the Insei (level 3, 0/28 HPs)
             Began as a Gnoll Transmuter on June 9, 2022.
             Slain by a frilled lizard (2 damage)
             ... on level 2 of the Dungeon.
             The game lasted 00:01:01 (794 turns).

Woods the Insei (Gnoll Transmuter)                   Turns: 794, Time: 00:01:03

Health: 0/28       AC:  2    Str:  9    XL:     3   Next: 2%
Magic:  9/9        EV: 13    Int: 14    God:
Gold:   60         SH:  0    Dex: 12    Spells: 10/11 levels left

rFire   . . .      SeeInvis .     - Unarmed
rCold   . . .      Faith    .   (no shield)
rNeg    . . .      Spirit   .   a - +0 robe
rPois   .          Reflect  .   (no helmet)
rElec   .          Harm     .   (no cloak)
rCorr   .          Rampage  .   (no gloves)
Will    .....      Clarity  +   (no boots)
Stlth   +.........              (no amulet)
HPRegen 0.09/turn               (no ring)
MPRegen 0.11/turn               (no ring)

@: lethally poisoned (0 -> -3), invisible
A: fangs 1, strong nose, distributed training, clarity, mutation resistance 1,
sense surroundings 1
a: no special abilities


You were on level 2 of the Dungeon.
You visited 1 branch of the dungeon, and saw 2 of its levels.

You collected 60 gold pieces.

Inventory:

Armour
 a - a +0 robe (worn)
Scrolls
 b - 3 scrolls of identify {unknown}
 c - a scroll of magic mapping {unknown}
 d - a scroll of fog {unknown}
Potions
 g - a potion of berserk rage {unknown}


   Skills:
 + Level 2.5 Fighting
 + Level 0.5 Short Blades
 + Level 0.5 Long Blades
 + Level 0.5 Axes
 + Level 0.5 Maces & Flails
 + Level 0.5 Polearms
 + Level 0.5 Staves
 + Level 0.5 Slings
 + Level 0.5 Bows
 + Level 0.5 Crossbows
 + Level 0.5 Throwing
 + Level 0.5 Armour
 + Level 4.5 Dodging
 + Level 0.5 Stealth
 + Level 0.5 Shields
 + Level 6.5 Unarmed Combat
 + Level 4.9 Spellcasting
 + Level 0.4 Conjurations
 + Level 0.4 Hexes
 + Level 0.4 Summonings
 + Level 0.4 Necromancy
 + Level 0.4 Translocations
 + Level 3.7 Transmutations
 + Level 0.4 Fire Magic
 + Level 0.4 Ice Magic
 + Level 0.4 Air Magic
 + Level 0.4 Earth Magic
 + Level 0.4 Poison Magic
 + Level 0.7 Invocations
 + Level 0.5 Evocations


You had 10 spell levels left.
You knew the following spells:

 Your Spells              Type           Power      Damage    Failure   Level
a - Beastly Appendage     Tmut           26%        N/A       3%          1

Your spell library contained the following spells:

 Spells                   Type           Power      Damage    Failure   Level
 Wereblood                Tmut           13%        N/A       6%          2
 Spider Form              Tmut/Pois      9%         N/A       22%         3
 Ice Form                 Ice/Tmut       9%         N/A       58%         4


Dungeon Overview and Level Annotations

Branches:
Dungeon (2/15)

Altars:


Innate Abilities, Weirdness & Mutations

You have very sharp teeth.
Your uncanny sense of smell can sniff out nearby items.
Your experience applies equally to all skills.
You possess an exceptional clarity of mind.
You are somewhat resistant to further mutation.
You passively map a small area around you.


Message History

You closely miss the adder. Your kick misses the adder. You headbutt the adder.
Your bite misses the adder.
The adder is heavily wounded.
The adder barely misses you.
You miss the adder. Your kick misses the adder.
You bite the adder, but do no damage.
The adder is heavily wounded.
The adder bites you.
You are poisoned.
The adder poisons you!
You hit the adder. You claw the adder.
The adder is almost dead.
You feel sick. The adder bites you.
You are lethally poisoned!
The adder poisons you!
You punch the adder!
You kill the adder!
* * * LOW HITPOINT WARNING * * *
You feel very sick. The frilled lizard closely misses you.
You have reached level 3!
Your experience leads to an increase in your attributes!
Increase (S)trength, (I)ntelligence, or (D)exterity?
You feel clever. x2
* * * LOW HITPOINT WARNING * * *
You feel sick.
* * * LOW HITPOINT WARNING * * *
You feel sick.
It was a potion of invisibility.
You fade into invisibility!
* * * LOW HITPOINT WARNING * * *
You feel sick. The frilled lizard misses you.
It was a potion of mutation.
You feel extremely strange.
Your thoughts seem clearer.
You feel a strange attunement to the structure of the dungeons.
You feel genetically stable.
Your horns disappear.
Your talons disappear.
* * * LOW HITPOINT WARNING * * *
You feel sick. The frilled lizard bites you.
You die...

.##........ .# , ,
.#.#..... .... < *
........##.#.# *
,............# , *
#.........##
#.####..........#,
* ,
.......<.....$# ,
..####.......<# ,
* ,........l@...#.
.................
,
.?......†.#####(#.
* , #.###.....# ∆
# ##....# * ,* ,
,* #....# , * *
#..... ,,* ,
#..... , , #.....#
* ,


You could see a frilled lizard.

Vanquished Creatures
  An adder (D:2)
  4 hobgoblins (D:1)
  2 quokkas (D:1)
  A bat (D:1)
  2 goblins (D:1)
  3 kobolds (D:1)
  2 rats (D:1)
15 creatures vanquished.

Vanquished Creatures (others)
  A fungus (D:1)
  2 plants (D:1)
3 creatures vanquished.

Grand Total: 18 creatures vanquished

Notes
Turn   | Place    | Note
-------+----------+-------------------------------------------
     0 | D:1      | Woods the Gnoll Transmuter began the quest for the Orb.
     0 | D:1      | Reached XP level 1. HP: 17/17 MP: 6/6
   182 | D:1      | Reached XP level 2. HP: 20/23 MP: 5/7
   723 | D:1      | Found a faded altar of an unknown god.
   791 | D:2      | Reached XP level 3. HP: 7/28 MP: 9/9
   794 | D:2      | Gained mutation: You possess an exceptional clarity of
                  | mind. [potion of mutation]
   794 | D:2      | Gained mutation: You passively map a small area around you.
                  | [potion of mutation]
   794 | D:2      | Gained mutation: You are somewhat resistant to further
                  | mutation. [potion of mutation]
   794 | D:2      | Slain by a frilled lizard

Illustrated notes

Levels and vault maps discovered:
D:1:      giann_bridges, layout_rooms, shapermc_ecumenical_altar_petra,
          chequers_serial_rivers_room_b, chequers_serial_rivers_small_3
D:2:      layout_rooms, basic_altar

Action                   || total
-------------------------++-------
Melee: Unarmed           ||    50
       Kick              ||     5
       Headbutt          ||     3
       Bite              ||     6
       Punch             ||     3
 Cast: Beastly Appendage ||    10
  Use: Potion            ||     2
 Stab: Sleeping          ||     1
Armor: Robe              ||     4
Dodge: Dodged            ||    17
